Map: Pillars of Gold LE

Players

MissFanta (ThuocLao)

  • Race: Protoss Protoss
  • Spawn Location: 7:00

BlysK - Winner!

  • Race: Protoss Protoss
  • League: Master
  • Spawn Location: 1:00

Event: DreamHack SC2 Masters 2020 Winter

VOD

Have the link to the VOD?

Description

Time

  • Played on: Oct. 9, 2020, 9:44 p.m.
  • Length: 9:03

All games in this series

Show
View Real Time Build Order
Export as new Build Order

MissFanta Protoss 

Build Orders: Oracle Opening 

Get SALT Encoding   

  12  0:00  Probe  
  13  0:12  Probe  
  14  0:17  Pylon  
  14  0:24  Probe  
  15  0:36  Gateway  
  15  0:39  Probe (Chrono Boost)  
  16  0:48  Assimilator, Probe (Chrono Boost)  
  17  0:53  Probe (Chrono Boost)  
  18  0:57  Assimilator  
  18  1:05  Probe (Chrono Boost)  
  19  1:11  Gateway  
  19  1:17  Probe (Chrono Boost)  
  20  1:23  Cybernetics Core  
  20  1:27  Probe (Chrono Boost)  
  21  1:33  Probe  
  21  1:39  Pylon  
  22  1:46  Probe  
  23  1:58  Probe  
  26  2:04  Stalker x2  
  26  2:07  Warp Gate  
  28  2:22  Probe  
  29  2:26  Pylon  
  29  2:31  Stargate  
  28  2:40  Probe  
  29  2:46  Stalker x2  
  33  2:53  Probe  
  33  2:58  Pylon  
  34  3:08  Probe  
  34  3:11  Oracle (Chrono Boost)  
  38  3:25  Probe  
  39  3:39  Nexus  
  39  3:46  Oracle  
  42  4:01  Robotics Facility  
  42  4:06  Stalker  
  44  4:17  Stalker  
  46  4:41  Pylon  
  46  4:50  Phoenix (Chrono Boost)  
  48  4:55  Probe  
  48  4:57  Probe  
  50  5:07  Probe  
  50  5:09  Probe  
  50  5:14  Phoenix (Chrono Boost)  
  52  5:16  Immortal (Chrono Boost)  
  52  5:19  Probe  
  59  5:21  Probe  
  59  5:22  Pylon  
  59  5:26  Stalker  
  59  5:28  Stalker  
  64  5:31  Probe  
  64  5:33  Probe  
  66  5:36  Pylon  
  66  5:39  Assimilator  
  66  5:43  Probe  
  66  5:48  Forge, Probe  
  68  5:50  Observer  
  68  5:55  Probe  
  70  5:58  Gateway  
  70  6:00  Gateway  
  70  6:08  Probe x2  
  72  6:17  Immortal (Chrono Boost)  
  72  6:20  Probe  
  72  6:25  Twilight Council  
  77  6:28  Protoss Ground Weapons Level 1 (Chrono Boost)  
  77  6:29  Probe  
  77  6:32  Pylon, Probe  
  79  6:43  Stalker x2  
  83  7:07  Pylon  
  83  7:12  Stalker, Nexus  
  83  7:13  Pylon  
  84  7:18  Probe  
  85  7:28  Stalker x3  
  91  7:36  Probe  
  92  7:40  Probe  
  92  7:42  Assimilator  
  93  7:50  Probe  
  94  7:52  Pylon  
  86  8:09  Stalker x4  
  76  8:26  Probe  
  63  8:31  Robotics Facility  
  62  8:34  Probe  
  62  8:38  Probe  
  62  8:39  Stalker  
  66  8:44  Stalker  
  66  8:47  Shield Battery  
  66  8:48  Stalker  
  70  8:50  Probe  
  70  8:55  Stalker, Shield Battery  
Show
View Real Time Build Order
Export as new Build Order

BlysK Protoss - Winner!

Build Orders: Oracle Opening, Phoenix Opening 

Get SALT Encoding   

  12  0:00  Probe  
  13  0:12  Probe  
  14  0:18  Pylon  
  14  0:24  Probe (Chrono Boost)  
  15  0:36  Probe (Chrono Boost)  
  15  0:39  Gateway  
  16  0:45  Probe (Chrono Boost)  
  16  0:47  Assimilator  
  17  0:50  Probe  
  18  0:59  Assimilator  
  18  1:03  Probe  
  19  1:10  Gateway  
  19  1:15  Probe  
  20  1:27  Probe  
  20  1:28  Cybernetics Core  
  21  1:34  Pylon  
  21  1:39  Probe  
  22  1:51  Probe  
  23  2:02  Stalker x2 (Chrono Boost)  
  23  2:04  Warp Gate  
  27  2:13  Pylon  
  28  2:25  Adept  
  28  2:27  Adept  
  31  2:35  Probe  
  32  2:41  Stargate  
  32  3:07  Sentry  
  32  3:11  Nexus  
  34  3:17  Shield Battery  
  34  3:23  Oracle (Chrono Boost)  
  36  3:35  Probe  
  36  3:38  Pylon  
  37  3:50  Probe  
  38  3:56  Phoenix  
  36  4:04  Probe  
  36  4:05  Twilight Council  
  36  4:16  Stalker, Probe (Chrono Boost)  
  38  4:21  Phoenix  
  38  4:23  Probe (Chrono Boost)  
  39  4:29  Probe (Chrono Boost)  
  40  4:33  Probe (Chrono Boost)  
  40  4:35  Probe (Chrono Boost)  
  40  4:37  Stalker  
  40  4:38  Probe (Chrono Boost)  
  44  4:44  Probe  
  46  4:46  Blink (Chrono Boost)  
  46  4:53  Probe  
  46  4:56  Probe  
  48  5:05  Probe  
  49  5:08  Probe  
  49  5:09  Forge  
  49  5:11  Gateway  
  50  5:17  Probe  
  50  5:18  Stalker  
  53  5:28  Stalker, Probe  
  55  5:30  Probe  
  55  5:32  Pylon  
  57  5:37  Protoss Ground Weapons Level 1 (Chrono Boost)  
  57  5:41  Probe  
  57  5:42  Probe  
  59  5:46  Pylon  
  59  5:53  Probe  
  59  5:54  Probe  
  59  5:55  Assimilator  
  61  6:03  Nexus  
  61  6:05  Probe  
  61  6:07  Probe  
  63  6:13  Stalker  
  63  6:14  Stalker  
  65  6:18  Probe  
  65  6:22  Robotics Facility  
  66  6:26  Pylon  
  66  6:30  Stalker  
  68  6:34  Gateway  
  68  6:38  Gateway  
  68  6:44  Assimilator  
  68  6:48  Stalker x2  
  72  6:58  Pylon, Shield Battery  
  72  7:03  Stalker  
  72  7:04  Probe x2  
  76  7:14  Warp Prism (Chrono Boost)  
  76  7:16  Stalker x2  
  76  7:20  Probe  
  76  7:21  Probe  
  81  7:28  Probe  
  82  7:31  Sentry x2  
  86  7:37  Photon Cannon  
  86  7:43  Stalker  
  88  7:45  Stalker  
  88  7:46  Probe  
  88  7:47  Probe  
  88  7:51  Shield Battery  
  92  7:52  Observer  
  92  7:54  Stalker  
  92  7:57  Probe  
  87  8:10  Probe  
  87  8:12  Stalker x3  
  82  8:22  Stalker x2  
  82  8:24  Probe x3  
  85  8:36  Probe x3  
  88  8:45  Stalker x3, Sentry  
  88  8:48  Stalker, Probe  
  98  8:49  Probe  
Tags
 
Add a new tag
Caveats
  • Supply blocks, unpowered buildings, or Contaminate may cause inaccurate times.
  • Supply counts are checked every 10 seconds.